 Dungeon Crawl Stone Soup version 0.22-a0-447-gee5f723 (webtiles) character file.

14611 VajrapaniREALTIME the Cleaver (level 12, -7/97 HPs)
             Began as a Formicid Fighter on June 3, 2018.
             Was a High Priest of Okawaru.
             Mangled by a two-headed ogre
             ... wielding a +0 giant spiked club
              (19 damage)
             ... on level 15 of the Dungeon.
             The game lasted 00:13:53 (11760 turns).

VajrapaniREALTIME the Cleaver (Formicid Fighter)   Turns: 11760, Time: 00:13:54

Health: -7/97      AC: 18    Str: 25    XL:     12   Next: 47%
Magic:  16/16      EV:  7    Int: 13    God:    Okawaru [*****.]
Gold:   464        SH: 12    Dex: 10    Spells: 11/11 levels left

rFire    . . .     SeeInvis +   F - +4 battleaxe (vamp)
rCold    . . .     Gourm    +   c - +0 shield
rNeg     . . .     Faith    .   C - +4 plate armour
rPois    +         Spirit   .   (helmet unavailable)
rElec    .         Reflect  .   (no cloak)
rCorr    .         Harm     .   (no gloves)
MR       +....                  (no boots)
Stlth    ..........             p - amulet of the gourmand
HPRegen  0.26/turn              o - +4 ring of intelligence
MPRegen  0.15/turn              y - ring of poison resistance

@: no status effects
A: permanent stasis, dig shafts and tunnels, four strong arms, antennae 3
a: Dig, Shaft Self, Heroism, Finesse, Renounce Religion


You were on level 15 of the Dungeon.
You worshipped Okawaru.
Okawaru was extremely pleased with you.
You were full.

You visited 2 branches of the dungeon, and saw 13 of its levels.
You also visited: Ossuary.

You collected 464 gold pieces.

Inventory:

Hand Weapons
 a - a +0 war axe
 F - a +4 vampiric battleaxe (weapon)
Armour
 b - a +0 scale mail
 c - a +0 shield (worn)
 r - a +0 plate armour
 C - a +4 plate armour (worn)
Jewellery
 o - a +4 ring of intelligence (left hand)
 p - an amulet of the gourmand (around neck)
 x - an uncursed amulet of regeneration {unknown}
 y - a ring of poison resistance (right hand)
 J - an uncursed amulet of regeneration {unknown}
 K - an uncursed amulet of faith {unknown}
Wands
 w - a wand of acid (12)
 G - a wand of random effects (21)
 I - a wand of enslavement (13)
 L - a wand of paralysis (13)
Scrolls
 d - a scroll of immolation {unknown}
 e - a scroll of enchant weapon {unknown}
 g - 3 scrolls of remove curse
 h - 7 scrolls of teleportation {unknown}
 j - 13 scrolls of identify {unknown}
 m - 2 scrolls of fog {unknown}
 q - a scroll of amnesia {unknown}
 s - 2 scrolls of noise {unknown}
 D - a scroll of blinking {unknown}
 E - 2 scrolls of magic mapping {unknown}
 M - a scroll of enchant armour {unknown}
Potions
 i - 4 potions of curing
 k - 5 potions of agility
 l - a potion of heal wounds
 n - a potion of magic
 t - 2 potions of ambrosia
 u - 2 potions of degeneration {unknown}
 v - 3 potions of brilliance {unknown}
 z - 2 potions of berserk rage {unknown}
 A - a potion of lignification {unknown}
 B - a potion of resistance {unknown}
 H - 2 potions of cancellation {unknown}
Comestibles
 f - 14 rations


   Skills:
 + Level 9.9 Fighting
 * Level 11.9 Axes
 + Level 9.7 Armour
 + Level 10.6 Shields
 + Level 6.1 Invocations


You had 11 spell levels left.
You didn't know any spells.
Your spell library contained the following spells:

 Spells                   Type           Power        Failure   Level  Hunger
 Cause Fear               Hex            #.........   100%        4    #####..
 Magic Dart               Conj           #...         97%         1    ##.....
 Conjure Flame            Conj/Fire      #.......     100%        3    ####...
 Slow                     Hex            #.......     99%         2    ###....
 Mephitic Cloud           Conj/Pois/Air  #.......     100%        3    ####...
 Blink                    Tloc           N/A          99%         2    ###....
 Summon Ice Beast         Ice/Summ       #.......     100%        4    #####..
 Call Imp                 Summ           #.......     99%         2    ###....
 Call Canine Familiar     Summ           #.......     100%        3    ####...
 Summon Butterflies       Summ           #.......     97%         1    ##.....
 Corona                   Hex            #......      97%         1    ##.....
 Portal Projectile        Hex/Tloc       #.....       100%        3    ####...
 Leda's Liquefaction      Hex/Erth       #.........   100%        4    #####..
 Summon Hydra             Summ           #.........   100%        7    #######
 Inner Flame              Hex/Fire       #.......     100%        3    ####...
 Summon Mana Viper        Hex/Summ       #.......     100%        5    ######.


Dungeon Overview and Level Annotations

Branches:
Dungeon (12/15)            Temple (1/1) D:6             Orc (0/2) D:12
   Lair: D:8-11

Altars:
Ashenzari
Cheibriados
Dithmenos
Elyvilon
Fedhas
Gozag
Kikubaaqudgha
Makhleb
Okawaru
Ru
Trog
Vehumet
Wu Jian
Xom
Yredelemnul
Zin
The Shining One

Shops:
D:4 (   D:5 (

Annotations:
D:9 pk666's ghost, novice DEWz
D:12 Gorglomux's ghost, journeyman DDFi


Innate Abilities, Weirdness & Mutations

You cannot be hasted, slowed, berserked, paralysed or teleported.
You can dig through walls and to a lower floor.
Your four strong arms can wield two-handed weapons with a shield.
You have a pair of large antennae on your head. (SInv)


Message History

You completely miss the two-headed ogre.
You block the green ugly thing's attack.
Unknown command.
You feel much better.
The two-headed ogre hits you with a giant spiked club!
* * * LOW HITPOINT WARNING * * *
You block the two-headed ogre's attack.
The green ugly thing punches you but does no damage.
Unknown command.
You hit the green ugly thing.
You feel better.
The green ugly thing is heavily wounded.
You hit the two-headed ogre. The green ugly thing punches you!
* * * LOW HITPOINT WARNING * * *
The two-headed ogre barely misses you. You block the two-headed ogre's attack.
You slice the green ugly thing!!
The green ugly thing is severely wounded.
You hit the two-headed ogre.
You feel better.
You block the green ugly thing's attack.
The two-headed ogre hits you with a giant spiked club!!
You die...

{ {
...#.#####
$......O.#
{{
.$#.####@#
#u# #.#
#.# #.#
#.# #.#
#.#


You could see a green ugly thing and a two-headed ogre.

Vanquished Creatures
  A two-headed ogre (D:12)
  Urug (D:11)
  2 ugly things
  Pikel (D:4)
  3 manticores
  3 cyclopes
  2 hornets
  2 trolls (D:12)
  3 hippogriffs
  3 vampires
  The ghost of Gorglomux the Covered, an amateur DDFi (D:4)
  6 yaks (D:12)
  2 hungry ghosts
  An acid dragon (D:12)
  Menkaure (D:7)
  A water moccasin (D:12)
  2 sky beasts (D:6)
  4 ice beasts
  3 orc warriors
  2 necrophages (D:12)
  3 slaves (D:4)
  3 black bears
  3 phantoms
  7 centaurs
  3 ogres
  2 big kobolds
  3 bullfrogs
  A wyvern zombie (D:7)
  A gnoll sergeant (D:6)
  12 scorpions
  A killer bee (D:11)
  8 wights
  2 howler monkeys (D:11)
  A bullfrog zombie (D:12)
  6 crimson imps
  6 centaur zombies
  9 hounds
  A human zombie (Ossuary)
  2 orc priests (D:5)
  2 bullfrog skeletons
  A jelly (D:5)
  11 orc wizards
  3 centaur skeletons
  3 iguanas
  Natasha (thrice) (D:4 D:5)
  8 worker ants
  A big kobold zombie (Ossuary)
  A hound zombie (D:9)
  3 hound skeletons
  4 mummies
  A worker ant zombie (D:6)
  9 gnolls
  11 adders
  3 scorpion zombies (Ossuary)
  5 shadow imps
  3 oozes
  An adder zombie (D:6)
  7 worms
  4 dart slugs
  7 leopard geckos
  45 orcs
  2 ball pythons (D:4)
  5 giant cockroaches
  3 gnoll zombies (Ossuary)
  6 hobgoblins
  2 jackals (D:11)
  8 quokkas
  A ball python skeleton (D:6)
  11 bats
  3 frilled lizards
  10 goblins
  2 goblin zombies (Ossuary)
  3 hobgoblin zombies (Ossuary)
  A jackal skeleton (D:4)
  22 kobolds
  A kobold zombie (Ossuary)
  An orc zombie (Ossuary)
  A quokka skeleton (D:5)
  10 rats
346 creatures vanquished.

Vanquished Creatures (others)
  2 plants (D:3)
2 creatures vanquished.

Grand Total: 348 creatures vanquished

Notes
Turn   | Place    | Note
-------+----------+-------------------------------------------
     0 | D:1      | VajrapaniREALTIME the Formicid Fighter began the quest for the Orb.
     0 | D:1      | Reached XP level 1. HP: 18/18 MP: 1/1
   138 | D:1      | Reached XP level 2. HP: 21/24 MP: 2/2
   471 | D:1      | Reached XP level 3. HP: 26/29 MP: 3/3
  1224 | D:2      | Reached XP level 4. HP: 15/37 MP: 4/4
  1451 | D:2      | Reached skill level 3 in Axes
  2126 | D:2      | You fall through a shaft!
  2193 | D:3      | Reached XP level 5. HP: 42/42 MP: 5/5
  2210 | D:3      | Found a white marble altar of Elyvilon.
  2767 | D:3      | Reached skill level 4 in Axes
  2767 | D:3      | Reached XP level 6. HP: 41/48 MP: 6/6
  3090 | D:4      | Noticed a slave
  3090 | D:4      | Noticed a slave
  3090 | D:4      | Noticed a slave
  3090 | D:4      | Noticed a slave
  3092 | D:4      | Noticed Pikel
  3121 | D:4      | Killed a slave
  3132 | D:4      | Killed a slave
  3141 | D:4      | Killed a slave
  3291 | D:4      | Killed Pikel
  3291 | D:4      | Reached skill level 5 in Fighting
  3291 | D:4      | Reached skill level 5 in Axes
  3291 | D:4      | Reached skill level 5 in Armour
  3291 | D:4      | Reached skill level 5 in Shields
  3291 | D:4      | Reached XP level 7. HP: 39/56 MP: 7/7
  3384 | D:4      | Found Biphegg's Weapon Emporium.
  3546 | D:4      | Noticed Natasha
  3568 | D:4      | Killed Natasha
  3641 | D:4      | Reached XP level 8. HP: 59/62 MP: 8/8
  3843 | D:4      | Noticed Gorglomux's ghost (amateur DDFi)
  3859 | D:4      | Killed Gorglomux's ghost
  3859 | D:4      | Reached skill level 6 in Axes
  3872 | D:4      | Found a snail-covered altar of Cheibriados.
  3947 | D:4      | Found a shattered altar of Ashenzari.
  3956 | D:4      | Found a bloodstained altar of Trog.
  4004 | D:5      | Entered Level 5 of the Dungeon
  4083 | D:5      | Noticed Natasha
  4113 | D:5      | Killed Natasha
  4198 | D:5      | Noticed Natasha
  4212 | D:5      | Killed Natasha
  4542 | D:5      | Reached XP level 9. HP: 63/69 MP: 9/9
  4593 | D:5      | Found a sand-covered staircase.
  4663 | Ossuary  | Entered an ossuary
  4683 | Ossuary  | Reached skill level 7 in Axes
  5762 | D:5      | Reached skill level 8 in Axes
  5825 | D:5      | Found Fillucwu's Antique Weapon Boutique.
  6033 | D:6      | Found an opulent altar of Gozag.
  6357 | D:6      | Reached XP level 10. HP: 66/79 MP: 10/10
  6574 | D:6      | Found a staircase to the Ecumenical Temple.
  6739 | D:7      | Reached skill level 9 in Axes
  7337 | D:7      | Noticed Menkaure
  7366 | D:7      | Killed Menkaure
  7563 | D:8      | Found a shimmering altar of Xom.
  7564 | D:8      | Found a glowing golden altar of the Shining One.
  7724 | Temple   | Entered the Ecumenical Temple
  7840 | Temple   | Became a worshipper of Warmaster Okawaru
  7908 | D:8      | You fall through a shaft!
  8693 | D:9      | Reached skill level 1 in Invocations
  8767 | D:9      | Reached * piety under Okawaru
  8846 | D:9      | Noticed pk666's ghost (novice DEWz)
  8883 | D:8      | Reached skill level 10 in Axes
  8914 | D:8      | You fall through a shaft for 3 floors!
  9152 | D:11     | Reached XP level 11. HP: 83/87 MP: 12/12
  9158 | D:11     | Reached ** piety under Okawaru
  9234 | D:11     | Noticed a brown ugly thing
  9255 | D:11     | Killed a brown ugly thing
  9448 | D:11     | Reached *** piety under Okawaru
  9583 | D:11     | Noticed a cyclops
  9592 | D:11     | Killed a cyclops
  9699 | D:11     | Noticed a manticore
  9713 | D:11     | Killed a manticore
  9849 | D:11     | Noticed Urug
  9871 | D:11     | Killed Urug
  9884 | D:11     | Reached skill level 11 in Axes
  9936 | D:11     | Reached **** piety under Okawaru
 10165 | D:11     | Noticed a manticore
 10177 | D:11     | Killed a manticore
 10422 | D:12     | Noticed a green ugly thing
 10440 | D:12     | Killed a green ugly thing
 10440 | D:12     | Reached skill level 10 in Shields
 10499 | D:12     | Noticed a manticore
 10507 | D:12     | Killed a manticore
 10600 | D:12     | Noticed a cyclops
 10604 | D:12     | Reached skill level 5 in Invocations
 10616 | D:12     | Killed a cyclops
 10616 | D:12     | Reached ***** piety under Okawaru
 10616 | D:12     | Reached XP level 12. HP: 39/96 MP: 15/15
 10954 | D:12     | Found a staircase to the Orcish Mines.
 11183 | D:12     | Noticed a two-headed ogre
 11195 | D:12     | Killed a two-headed ogre
 11724 | D:12     | Noticed Gorglomux's ghost (journeyman DDFi)
 11747 | D:12     | You fall through a shaft for 3 floors!
 11747 | D:15     | Entered Level 15 of the Dungeon
 11747 | D:15     | Noticed a two-headed ogre
 11760 | D:15     | Mangled by a two-headed ogre

Vault maps used:
D:1:      dpeg_arrival_water_temple_mockup
D:3:      wad_woods_stonehenge
D:4:      old_standard_altar, minitemple, serial_shops,
          nicolae_shop_window_shopping, minivault_26, uniq_natasha, uniq_pikel
D:5:      serial_shops, shop, enter_ossuary_1, first_ration,
          serial_park_tiny_pond
D:6:      minmay_temple_entry_from_below_a, grunt_gozag_statues
D:7:      uniq_menkaure
D:8:      kennysheep_little_box, lemuel_doored_altar,
          grunt_temple_overflow_open, lair_entry_dummy, blue_anna_alchemist
D:9:      kennysheep_another_room
D:11:     uniq_urug
D:12:     david_orc_2, serial_undead, serial_undead_b, serial_undead_a,
          serial_undead_f, serial_undead_c
D:15:     grunt_enter_depths_snipers
Temple:   chequers_temple_sunken
Ossuary:  ossuary_minmay_scorpions

Skill      XL: |  1  2  3  4  5  6  7  8  9 10 11 12 |
---------------+-------------------------------------+-----
Shields        | 4 5 6 7 9 10 | 10.6
Axes           | 3 4 5 6 8 10 11 | 11.9
Fighting       | 4 5 6 7 8 9 |  9.9
Armour         | 4 5 7 8 9 |  9.7
Invocations    | 2 5 6 |  6.1

Action                   |  1- 3 |  4- 6 |  7- 9 | 10-12 || total
-------------------------+-------+-------+-------+-------++-------
Melee: War axe           |   101 |   258 |   386 |   527 ||  1272
       Battleaxe         |       |       |       |   196 ||   196
Invok: Heroism           |       |       |       |     4 ||     4
 Abil: Dig               |       |     2 |       |     1 ||     3
       Shaft Self        |       |     1 |       |     3 ||     4
  Use: Potion            |       |     1 |     2 |    16 ||    19
       Scroll            |       |     1 |       |       ||     1
 Stab: Confused          |       |       |       |     1 ||     1
       Invisible         |       |       |       |     2 ||     2
  Eat: Chunk             |     1 |    11 |    13 |    38 ||    63
       Ration            |       |       |       |     1 ||     1
Armor: Scale mail        |    47 |    62 |       |       ||   109
       Plate armour      |       |    64 |   239 |   366 ||   669
Dodge: Dodged            |    53 |    67 |    82 |   192 ||   394
Block: Shield            |    72 |   147 |   207 |   430 ||   856

Table legend:
 A = Spawn XP
 B = Non-spawn XP
 C = Spawn XP percentage of total XP
 D = Spawn monster count
 E = Non-spawn monster count
 F = Spawn count percentage of total count
 G = Total turns spent on level
                    A         B        C        D         E        F      G
               +---------+---------+-------+---------+---------+-------+---------
         Total |       0 |   20874 |   0.0 |       0 |     343 |   0.0 | 11760
               +---------+---------+-------+---------+---------+-------+---------
           D:1 |       0 |      44 |   0.0 |       0 |      22 |   0.0 |  1184
           D:2 |       0 |      85 |   0.0 |       0 |      30 |   0.0 |   954
           D:3 |       0 |     170 |   0.0 |       0 |      30 |   0.0 |   859
           D:4 |       0 |    1235 |   0.0 |       0 |      18 |   0.0 |  1249
           D:5 |       0 |     899 |   0.0 |       0 |      34 |   0.0 |   956
           D:6 |       0 |    1249 |   0.0 |       0 |      35 |   0.0 |   722
           D:7 |       0 |    1187 |   0.0 |       0 |      34 |   0.0 |   977
           D:8 |       0 |     361 |   0.0 |       0 |       6 |   0.0 |   103
           D:9 |       0 |    1375 |   0.0 |       0 |      20 |   0.0 |   965
          D:11 |       0 |    6240 |   0.0 |       0 |      39 |   0.0 |  1491
          D:12 |       0 |    7156 |   0.0 |       0 |      46 |   0.0 |  1342
       Ossuary |       0 |     873 |   0.0 |       0 |      29 |   0.0 |   814
               +---------+---------+-------+---------+---------+-------+---------
